AoeStats
← Goku_San

Oasis

509284768Analyzed
2v2 RM · 6d ago on Sep 26, 2026· 75m 38s· 4 players
Game mode
Random Map
Map size
Medium (4 player)
Population
200
Speed
Normal
Resources
Standard
Victory
Conquest
Starting age
Dark Age
Ending age
Imperial Age
RankedLock teamsTeams togetherTeam positionsShared explorationLock speedFull tech treeHidden civsTurbo modeCheats
Victory
Defeat
🇮🇱 Berbers · Israel
1319
+13
🇺🇸 Italians · United States
1225
+17
🇹🇼 Slavs · Taiwan
1261
-15
🇹🇼 Dravidians · Taiwan
1239
-15
potatochips
6:30 Loom
8:46 Feudal Age
9:40 Double-Bit Axe
14:36 Horse Collar
18:19 Fletching
19:56 Padded Archer Armor
21:24 Wheelbarrow
23:55 Castle Age
26:07 Bodkin Arrow
26:07 Gold Mining
28:16 Thumb Ring
29:00 Ballistics
28:34 Elite Skirmisher
29:09 Town Watch
30:14 Leather Archer Armor
32:43 Thumb Ring
34:46 Pikeman
35:29 Scale Mail Armor
38:16 Chain Mail Armor
46:29 Imperial Age
48:14 Chemistry
46:43 Elite Elephant Archer
48:40 Bracer
52:48 Ring Archer Armor
51:52 Halberdier
53:19 Medical Corps
56:13 Conscription
62:19 Plate Mail Armor
62:00 Forging
62:47 Scale Barding Armor
65:08 Bow Saw
65:02 Heavy Scorpion
67:21 Light Cavalry
71:33 Chain Barding Armor
71:42 Husbandry
73:25 Two-Man Saw
72:31 Heavy Plow
lee.liu
7:13 Loom
9:56 Feudal Age
10:05 Man-at-Arms
10:44 Double-Bit Axe
14:07 Loom
17:08 Horse Collar
25:21 Castle Age
23:40 Gold Mining
25:41 Bloodlines
27:42 Bow Saw
28:46 Pikeman
32:18 Scale Mail Armor
32:24 Scale Barding Armor
44:44 Light Cavalry
49:15 Wheelbarrow
48:27 Town Watch
51:39 Crossbowman
53:26 Hand Cart
54:29 Fletching
59:07 Imperial Age
61:31 Padded Archer Armor
63:53 Chain Barding Armor
64:39 Husbandry
64:52 Heavy Plow
65:52 Hussar
67:55 Caravan
70:48 Cavalier
73:23 Forging
sbr
0:30 Loom
10:08 Feudal Age
13:03 Gold Mining
13:06 Double-Bit Axe
18:38 Horse Collar
20:32 Bloodlines
21:29 Wheelbarrow
21:10 Fletching
21:21 Padded Archer Armor
21:57 Padded Archer Armor
22:09 Forging
26:24 Castle Age
24:43 Scale Barding Armor
24:41 Stone Mining
24:45 Gold Mining
25:08 Town Watch
26:54 Crossbowman
26:56 Light Cavalry
27:36 Bodkin Arrow
28:03 Bow Saw
27:59 Heavy Plow
29:52 Husbandry
30:51 Stone Shaft Mining
34:06 Hand Cart
52:09 Leather Archer Armor
53:19 Ballistics
55:31 Imperial Age
54:19 Thumb Ring
53:39 Elite Skirmisher
56:21 Iron Casting
56:07 Chain Barding Armor
56:08 Arbalester
58:37 Chemistry
57:18 Treadmill Crane
58:41 Conscription
58:45 Bracer
62:22 Ring Archer Armor
61:35 Capped Ram
62:30 Hussar
63:42 Caravan
64:45 Blast Furnace
64:50 Silk Road
65:30 Murder Holes
65:15 Elite Genitour
65:27 Elite Genoese Crossbowman
66:23 Masonry
67:51 Plate Barding Armor
72:37 Coinage
Goku_San
4:03 Loom
10:05 Feudal Age
12:06 Double-Bit Axe
14:09 Fletching
21:58 Castle Age
21:22 Bloodlines
21:05 Gold Mining
22:00 Scale Barding Armor
24:35 Horse Collar
26:50 Husbandry
27:55 Heavy Plow
35:16 Chain Barding Armor
35:08 Forging
36:45 Bow Saw
38:38 Wheelbarrow
38:40 Bodkin Arrow
38:46 Padded Archer Armor
39:30 Iron Casting
40:13 Thumb Ring
41:29 Ballistics
41:58 Leather Archer Armor
42:36 Hand Cart
45:06 Imperial Age
43:05 Stone Mining
43:50 Gold Shaft Mining
43:37 Kasbah
44:57 Stone Shaft Mining
45:56 Bracer
46:22 Conscription
47:11 Chemistry
45:47 Heavy Camel Rider
47:04 Ring Archer Armor
47:09 Plate Barding Armor
48:01 Elite Camel Archer
49:28 Plate Barding Armor
49:54 Blast Furnace
53:57 Crop Rotation
53:29 Elite Genitour
60:21 Town Watch
65:13 Bow Saw
64:47 Light Cavalry
65:52 Hussar
71:49 Caravan
Connection lost

Rejoining the realm…

Still unreachable

The connection could not be restored.

Session expired

The server has moved on; the page needs a fresh start.